 Dungeon Crawl Stone Soup version 0.28-b1-70-g80dc712255 (webtiles) character file.

Game seed: 8887210357968095322

74 styxcanada the Sneak (level 4, -1/23 HPs)
             Began as a Spriggan Brigand on Feb 3, 2022.
             Slain by a gnoll (7 damage)
             ... on level 3 of the Dungeon.
             The game lasted 00:07:01 (1668 turns).

styxcanada the Sneak (Spriggan Brigand)             Turns: 1668, Time: 00:07:01

Health: -1/23      AC:  3    Str:  7    XL:     4   Next: 10%
Magic:  5/5        EV: 18    Int: 12    God:
Gold:   93         SH:  0    Dex: 18    Spells: 3/3 levels left

rFire   . . .      SeeInvis +   a - +2 dagger
rCold   . . .      Faith    .   (no shield)
rNeg    . . .      Spirit   .   b - +0 robe
rPois   .          Reflect  .   (helmet restricted)
rElec   .          Harm     .   c - +0 cloak
rCorr   .          Rampage  .   (gloves unavailable)
Will    .....                   (boots unavailable)
Stlth   ++++......              (no amulet)
HPRegen 0.07/turn               p - ring of flight
MPRegen 0.09/turn               (no ring)

@: flying, very quick
A: very small, no large weapons, unfitting armour, see invisible, speed 3
a: no special abilities


You were on level 3 of the Dungeon.
You visited 1 branch of the dungeon, and saw 3 of its levels.

You collected 93 gold pieces.

Inventory:

Hand Weapons
 a - a +2 dagger (weapon)
Missiles
 d - a poisoned dart (quivered)
 e - a curare-tipped dart
 j - 2 boomerangs
 k - 17 sling bullets
 q - 4 stones
Armour
 b - a +0 robe (worn)
 c - a +0 cloak (worn)
Jewellery
 p - a ring of flight (left hand)
Wands
 m - a wand of acid (10)
 n - a wand of iceblast (3)
Scrolls
 f - a scroll of magic mapping {unknown}
 i - a scroll of identify {unknown}
 o - a scroll of noise {unknown}
Potions
 g - 2 potions of resistance {unknown}
 h - 2 potions of degeneration {unknown}
 l - a potion of curing {unknown}


   Skills:
 * Level 1.8 Fighting
 + Level 2.5 Short Blades
 + Level 2.0 Throwing
 * Level 2.8 Dodging
 * Level 7.4 Stealth
 * Level 0.7 Evocations


You had 3 spell levels left.
You didn't know any spells.
Your spell library was empty.

Dungeon Overview and Level Annotations

Branches:
Dungeon (3/15)

Altars:
Sif Muna


Innate Abilities, Weirdness & Mutations

You are very small and have problems with some larger weapons.
You are too small for most types of armour.
You have supernaturally acute eyesight. (SInv)
You cover ground extremely quickly. (Speed+++)


Message History

a +0 dagger; a goblin corpse The rat barely misses you.
You hit the rat.
You kill the rat!
Things that are here:
a +0 dagger; a goblin corpse The gnoll shouts!
d - 6 poisoned darts (gained 1) Throw: 6 darts (poison)
Press: ? - help, Q - select action, (/) - cycle Shift-Dir - straight line, f - gnoll
Aim: a gnoll, wielding a +0 spear (65% to hit)
You throw a poisoned dart.
The poisoned dart closely misses the gnoll.
Throw: 5 darts (poison)
Press: ? - help, Q - select action, (/) - cycle Shift-Dir - straight line, f/p - gnoll
Aim: a gnoll, wielding a +0 spear (65% to hit)
You throw a poisoned dart.
The poisoned dart barely misses the gnoll.
The gnoll completely misses you.
Things that are here:
a +0 spear; a gnoll corpse Throw: 4 darts (poison)
Press: ? - help, Q - select action, (/) - cycle Shift-Dir - straight line, f/p - gnoll
Aim: a gnoll, wielding a +0 spear (65% to hit)
You throw a poisoned dart.
The poisoned dart barely misses the gnoll.
Throw: 3 darts (poison)
Press: ? - help, Q - select action, (/) - cycle Shift-Dir - straight line, f/p - gnoll
Aim: a gnoll, wielding a +0 spear (65% to hit)
You throw a poisoned dart.
The poisoned dart barely misses the gnoll.
Unknown command.
Throw: 2 darts (poison)
Press: ? - help, Q - select action, (/) - cycle Shift-Dir - straight line, f/p - gnoll
Aim: a gnoll, wielding a +0 spear (65% to hit)
You throw a poisoned dart. The poisoned dart hits the gnoll.
The gnoll is poisoned.
The gnoll shouts!
The gnoll hits you from afar with a +0 spear!
You die...

######## #...)..####
#(........## #......##.<#
#####
###......###.###...#
........).....†..†.#####
.#####.#####............
#(## #.......g####
.#####..####....@.(....#
....)(.....)(.g......#..
.######.############.....
#... ####. ###.# .# #


You could see 2 gnolls.

Vanquished Creatures
  2 gnolls (D:3)
  An adder (D:2)
  2 dart slugs
  4 bats (D:1)
  6 endoplasms
  6 giant cockroaches
  2 hobgoblins (D:1)
  5 ball pythons
  A frilled lizard (D:1)
  5 goblins
  4 kobolds
  3 rats
41 creatures vanquished.

Notes
Turn   | Place    | Note
-------+----------+-------------------------------------------
     0 | D:1      | styxcanada the Spriggan Brigand began the quest for the
                  | Orb.
     0 | D:1      | Reached XP level 1. HP: 10/10 MP: 2/2
    50 | D:1      | Reached skill level 6 in Stealth
   377 | D:1      | Reached XP level 2. HP: 11/15 MP: 3/3
  1034 | D:1      | Reached XP level 3. HP: 18/18 MP: 4/4
  1153 | D:2      | Found a faded altar of an unknown god.
  1160 | D:2      | Reached skill level 7 in Stealth
  1217 | D:2      | Found a shimmering blue altar of Sif Muna.
  1596 | D:3      | Reached XP level 4. HP: 23/23 MP: 5/5
  1668 | D:3      | Slain by a gnoll

Illustrated notes

Levels and vault maps discovered:
D:1:      dpeg_arrival_round_c, layout_basic, minmay_misc_feat_secret_circle,
          hangedman_feature_mirror
D:2:      layout_rooms, basic_altar, dreamdust_ecumenical_altar_statues,
          minmay_misc_feat_encased
D:3:      layout_rooms, minmay_strange_pillars

Skill      XL: |  1  2  3 |
---------------+----------+-----
Stealth        | 6 7 |  7.4
Dodging        | 2 |  2.8
Fighting       | |  1.8
Short Blades   | |  2.5
Throwing       | |  2.0
Evocations     | |  0.7

Action                   |  1- 3 |  4- 6 || total
-------------------------+-------+-------++-------
Melee: Dagger            |    58 |    10 ||    68
       Punch             |     1 |       ||     1
Throw: Dart              |    18 |     5 ||    23
 Stab: Sleeping          |    12 |       ||    12
Armor: Robe              |     9 |     1 ||    10
Dodge: Dodged            |    32 |     5 ||    37
